General information
			
			
        
        - name: BNet
 
        - type: Ladder 1vs1/FFA
 
        - host: Battle.net
 
        - saver: p3nis
 
        
map: TirisfalGlades 
        - players: 2
 
        - length: 32:07
 
        - speed: Fast
 - version: 1.22 W3XP
 - replay type:  Public
 
» download(96 KB)
Players
        team 1 (winner) 
              
              
p3nis (
teal | 63 APM | 2016 actions | 32:07)
              
 4 Archmage 
 2 Blizzard
 2 Brilliance Aura
 2 Blood Mage 
 1 Flame Strike
 1 Siphon Mana
 2 Pit Lord 
 1 Rain of Fire
 1 Cleaving Attack
 
                » actions 
                
                | Basic commands | 25 |  | 
| Build / train | 109 |  | 
| ESC pressed | 3 |  | 
| Enter build submenu | 57 |  | 
| Enter hero's abilities submenu | 8 |  | 
| Give item / drop item | 3 |  | 
| Remove unit from queue | 7 |  | 
| Right click | 924 |  | 
| Select / deselect | 695 |  | 
| Use ability | 185 |  | 
                2016 total
 » units 
                » upgrades
                
                | Masonry | 3 |  | 
| Lumber Harvesting | 2 |  | 
                5 total
 » buildings
                
                | Altar of Kings | 1 |  | 
| Lumber Mill | 1 |  | 
| Farm | 14 |  | 
| Scout Tower | 32 |  | 
| Arcane Tower | 1 |  | 
| Arcane Vault | 3 |  | 
| Guard Tower | 31 |  | 
| Keep | 1 |  | 
| Castle | 1 |  | 
| Town Hall | 1 |  | 
                86 total
 » build order
                00:10 Altar of Kings
00:28 Lumber Mill
00:48 Farm
01:02 Farm
01:11 Scout Tower
01:45 Farm
02:00 Arcane Tower
02:18 Farm
02:29 Arcane Vault
02:49 Scout Tower
03:10 Scout Tower
03:17 Farm
03:21 Scout Tower
03:23 Guard Tower
03:42 Guard Tower
03:45 Farm
03:49 Scout Tower
03:51 Guard Tower
04:14 Keep
04:24 Guard Tower
04:28 Farm
04:34 Arcane Vault
04:55 Farm
05:23 Farm
06:58 Farm
07:03 Farm
07:05 Scout Tower
07:12 Scout Tower
07:20 Castle
07:57 Guard Tower
08:06 Guard Tower
08:10 Scout Tower
08:13 Scout Tower
08:57 Guard Tower
09:25 Guard Tower
09:52 Farm
10:43 Scout Tower
11:14 Guard Tower
11:46 Scout Tower
12:13 Guard Tower
12:20 Scout Tower
12:56 Guard Tower
13:43 Town Hall
14:02 Farm
14:13 Scout Tower
14:15 Scout Tower
14:16 Scout Tower
14:18 Scout Tower
14:19 Scout Tower
14:21 Scout Tower
15:40 Guard Tower
15:41 Guard Tower
15:41 Guard Tower
15:44 Guard Tower
15:45 Guard Tower
15:45 Guard Tower
19:12 Scout Tower
19:35 Scout Tower
19:37 Scout Tower
19:43 Guard Tower
20:39 Guard Tower
20:39 Guard Tower
22:47 Arcane Vault
22:53 Scout Tower
23:31 Guard Tower
25:37 Farm
27:34 Scout Tower
27:37 Scout Tower
27:55 Scout Tower
27:58 Scout Tower
28:03 Guard Tower
28:05 Scout Tower
28:06 Guard Tower
28:08 Scout Tower
28:33 Guard Tower
28:34 Guard Tower
28:35 Guard Tower
28:36 Guard Tower
29:27 Scout Tower
29:39 Scout Tower
29:42 Scout Tower
29:57 Guard Tower
30:06 Guard Tower
30:14 Guard Tower
30:38 Scout Tower
31:13 Guard Tower
» items
                
                | Scroll of Regeneration | 8 |  | 
| Mechanical Critter | 1 |  | 
| Boots of Speed | 3 |  | 
| Staff of Teleportation | 3 |  | 
| Staff of Sanctuary | 4 |  | 
| Lesser Clarity Potion | 9 |  | 
| Potion of Lesser Invulnerability | 1 |  | 
| Scroll of Town Portal | 3 |  | 
                32 total
  
               team 2 (loser) 
              
              
Nagaroth (
red | 53 APM | 1689 actions | 31:56)
              
 4 Demon Hunter 
 2 Mana Burn
 2 Immolation
 3 Keeper of the Grove 
 1 Entangling Roots
 1 Force of Nature
 1 Thorns Aura
 
                » actions 
                
                | Basic commands | 1 |  | 
| Build / train | 63 |  | 
| Enter build submenu | 21 |  | 
| Enter hero's abilities submenu | 7 |  | 
| Remove unit from queue | 2 |  | 
| Right click | 759 |  | 
| Select / deselect | 714 |  | 
| Use ability | 122 |  | 
                1689 total
 » units 
                
                | Wisp | 19 |  | 
| Archer | 5 |  | 
| Huntress | 4 |  | 
| Glaive Thrower | 5 |  | 
| Druid of the Claw | 11 |  | 
                44 total
 » upgrades
                
                | Strength of the Wild | 3 |  | 
| Druid of the Claw Training | 2 |  | 
| Mark of the Claw | 1 |  | 
                6 total
 » buildings
                
                | Altar of Elders | 1 |  | 
| Moon Well | 5 |  | 
| Ancient of War | 2 |  | 
| Hunter's Hall | 1 |  | 
| Tree of Ages | 1 |  | 
| Tree of Eternity | 1 |  | 
| Ancient of Lore | 2 |  | 
| Tree of Life | 2 |  | 
| Ancient Protector | 5 |  | 
                20 total
 » build order
                00:09 Altar of Elders
00:13 Moon Well
01:13 Ancient of War
01:45 Moon Well
03:03 Hunter's Hall
03:06 Ancient of War
03:17 Moon Well
05:26 Tree of Ages
08:36 Tree of Eternity
08:40 Ancient of Lore
08:57 Ancient of Lore
10:10 Moon Well
13:17 Moon Well
14:22 Tree of Life
18:38 Ancient Protector
18:40 Ancient Protector
25:51 Ancient Protector
25:57 Ancient Protector
26:00 Tree of Life
26:04 Ancient Protector
 
                Chat log
          (00:03 / All) Nagaroth: gl hf
(11:40 / All) Nagaroth: ur dead
(30:39 / All) Nagaroth: ur a bitch
(31:53 / All) Nagaroth: fuck you